 Dungeon Crawl Stone Soup version 0.31-a0-348-g810772c3d7 (webtiles) character file.

Game seed: 715956354651621484

6261 AdnanSaban the Basher (level 10, 0/64 HPs)
             Began as a Gargoyle Fighter on July 22, 2023.
             Was an Elder of Okawaru.
             Slain by a killer bee (1 damage)
             ... on level 9 of the Dungeon.
             The game lasted 00:12:19 (9144 turns).

AdnanSaban the Basher (Gargoyle Fighter)            Turns: 9144, Time: 00:12:19

Health: 0/64       AC: 22    Str: 24    XL:     10   Next: 93%
Magic:  10/10      EV:  7    Int:  9    God:    Okawaru [****..]
Gold:   632        SH:  5    Dex:  9    Spells: 9/9 levels left

rFire   . . .        t - +2 whip (elec)
rCold   . . .        c - +0 buckler
rNeg    + . .        B - +0 plate armour
rPois   ∞            l - +0 helmet
rElec   +            (no cloak)
rCorr   +            (no gloves)
SInv    .            (no boots)
Will    +....        n - amulet of the acrobat Stlth
                     m - ring of resist corrosion
HPRegen 0.30/turn    F - ring of willpower
MPRegen 0.12/turn

%: acrobat
@: marked
A: sickness immunity, AC +7, negative energy resistance 1, electricity
resistance, torment resistance 1, petrification resistance
a: Renounce Religion, Heroism, Finesse


You were on level 9 of the Dungeon.
You worshipped Okawaru.
Okawaru was greatly pleased with you.
You visited 2 branches of the dungeon, and saw 10 of its levels.
You also visited: Sewer.

You collected 632 gold pieces.

Inventory:

Hand Weapons
 a - a +1 flail of protection
 t - a +2 whip of electrocution (weapon)
Missiles
 w - a throwing net
Armour
 c - a +0 buckler (worn)
 l - a +0 helmet (worn)
 B - a +0 plate armour (worn)
Jewellery
 b - a ring of willpower
 m - a ring of resist corrosion (left hand)
 n - an amulet of the acrobat (around neck)
 A - the Hermit's Pendant {Faith Invo=14 Evo=0 MP+5}
   (You found it on level 4 of the Dungeon)

   [amulet of faith]

   Invo=14: It sets your Invocations skill to 14.
   Evo=0: It sets your Evocations skill to 0.
   It allows you to gain divine favour quickly.
   MP:        It affects your magic capacity (+5).
 F - a ring of willpower (right hand)
 G - a ring of fire
 J - a ring of ice
Wands
 o - a wand of charming (8)
 q - a wand of mindburst (6)
 s - a wand of polymorph (10)
Scrolls
 f - 6 scrolls of teleportation {unknown}
 g - a scroll of noise {unknown}
 i - 2 scrolls of blinking {unknown}
 p - 2 scrolls of enchant armour {unknown}
 r - 6 scrolls of identify {unknown}
 u - a scroll of fear {unknown}
 y - 2 scrolls of summoning {unknown}
 C - a scroll of poison {unknown}
 D - 2 scrolls of enchant weapon {unknown}
Potions
 d - 3 potions of might
 e - 2 potions of mutation {unknown}
 h - a potion of degeneration {unknown}
 j - 12 potions of curing {unknown}
 k - 2 potions of lignification {unknown}
 v - 2 potions of berserk rage {unknown}
 x - 2 potions of cancellation {unknown}
 z - 4 potions of heal wounds {unknown}
 E - a potion of enlightenment {unknown}
 H - a potion of brilliance {unknown}
 I - a potion of resistance {unknown}


   Skills:
 + Level 8.2 Fighting
 + Level 10.4 Maces & Flails
 + Level 9.5 Armour
 + Level 3.0 Dodging
 + Level 6.8 Shields
 + Level 0.2 Invocations


You had 9 spell levels left.
You didn't know any spells.
Your spell library contained the following spells:

 Spells                   Type           Power      Damage    Failure   Level
 Apportation              Tloc           0%         N/A       99%         1
 Blink                    Tloc           0%         N/A       100%        2
 Lesser Beckoning         Tloc           0%         N/A       100%        2
 Momentum Strike          Conj/Tloc      0%         3d8       100%        2
 Dispel Undead            Necr           0%         3d6       100%        4
 Passage of Golubria      Tloc           0%         N/A       100%        4
 Alistair's Intoxication  Tmut/Pois      0%         N/A       100%        5
 Yara's Violent Unravell  Hex/Tmut       0%         3d3       100%        5
 Cigotuvi's Dreadful Rot  Necr/Pois/Air  Unusable   N/A       N/A         2
 Tukima's Dance           Hex            Unusable   N/A       N/A         3
 Death Channel            Necr           Unusable   N/A       N/A         6

Dungeon Overview and Level Annotations

Branches:
Dungeon (9/15)             Temple (1/1) D:7           Sewer (visited)
   Lair: D:8-11         Orc: D:9-12

Altars:
Ashenzari
Cheibriados
Elyvilon
Fedhas
Gozag
Hepliaklqana
Kikubaaqudgha
Makhleb
Nemelex Xobeh
Okawaru
Qazlal
Ru
Sif Muna
Uskayaw
Vehumet
Wu Jian
Xom
Yredelemnul
Zin
The Shining One

Shops:
D:2 ?


Innate Abilities, Weirdness & Mutations

You are immune to sickness and miasma.
Your stone body is resilient. (AC +7)
You are immune to poison.
You resist negative energy. (rN+)
You are resistant to electric shocks. (rElec)
You are resistant to unholy torment.
You are immune to petrification.


Message History

The killer bee closely misses you.
The killer bee stings you but does no damage.
Unknown command.
Unknown command.
You miss the killer bee.
The killer bee is heavily wounded.
The killer bee stings you.
* * * LOW HITPOINT WARNING * * *
The killer bee stings you but does no damage. x2
You block the vault sentinel's attack.
The vault sentinel casts a spell at you.
The mark upon you grows brighter. The killer bee barely misses you.
The killer bee stings you.
* * * LOW HITPOINT WARNING * * *
The killer bee stings you but does no damage.
You whack the killer bee!
You kill the killer bee!
Okawaru accepts your kill.
The killer bee stings you but does no damage. x2
An acid dragon comes into view.
The vault sentinel blows a loud note on a signal horn!
Unknown command.
You closely miss the killer bee.
The vault sentinel blows a loud note on a signal horn!
The killer bee stings you but does no damage.
The killer bee closely misses you. The killer bee barely misses you.
Unknown command.
You whack the killer bee!
The killer bee is heavily wounded.
The killer bee stings you but does no damage.
The killer bee completely misses you.
The killer bee stings you but does no damage.
The basilisk bites you but does no damage.
The vault sentinel hits you with a +0 falchion.
* * * LOW HITPOINT WARNING * * *
You barely miss the killer bee.
The killer bee is heavily wounded.
The killer bee stings you but does no damage.
The killer bee stings you.
You die...

###.....#...######..#
....#+###...#....'..#
....#.......#....#.D#
....#.......#....#..###
....#.......######)...# .
....######............####..
.........#...p..............
.........#.....lyyo.........
.........#.....p@yo.o.......
.........###########'########...
.................................
.....................##'########.
.....................#.........#.
.......<..[..........#.........#.
#............######..####......#.
#..#########.#....#..#..##'#####.
#..# #.#....#.....#........


You could see 2 vault sentinels, a basilisk, an acid dragon, 3 killer bees, an
orc priest and 2 orcs.

Vanquished Creatures
  A centaur warrior (D:8)
  Pikel (D:3)
  A gargoyle (D:8)
  A slime creature (D:8)
  A wyvern (D:6)
  6 yaks
  Grum (D:9)
  Menkaure (D:7)
  A water moccasin (D:7)
  An acid dragon (D:6)
  4 orc warriors
  An ice beast (D:7)
  A sky beast (D:7)
  A black bear (D:7)
  An ogre (D:5)
  2 wolves (D:9)
  3 centaurs
  2 kobold brigands (D:7)
  3 bullfrogs
  2 scorpions (D:5)
  3 wights (D:7)
  6 killer bees (D:9)
  4 howler monkeys
  2 gnoll boudas
  5 hounds
  5 orc priests
  A jelly (D:8)
  A sleepcap (D:6)
  5 iguanas
  8 orc wizards
  Robin (D:3)
  10 gnolls
  11 adders
  2 white imps
  3 worms
  5 dart slugs
  27 orcs
  9 endoplasms
  3 giant cockroaches
  16 goblins
  4 hobgoblins
  7 jackals
  4 quokkas
  12 ball pythons
  9 bats
  7 frilled lizards
  31 kobolds
  7 rats
243 creatures vanquished.

Notes
Turn   | Place    | Note
-------+----------+-------------------------------------------
     0 | D:1      | AdnanSaban the Gargoyle Fighter began the quest for the
                  | Orb.
     0 | D:1      | Reached XP level 1. HP: 14/14 MP: 1/1
    75 | D:1      | Reached XP level 2. HP: 18/19 MP: 2/2
   236 | D:1      | Reached XP level 3. HP: 24/24 MP: 3/3
   635 | D:2      | Found Ytuod's Magic Scroll Shop.
   653 | D:2      | Reached XP level 4. HP: 21/29 MP: 4/4
  1371 | D:3      | Reached skill level 3 in Maces & Flails
  1444 | D:3      | Noticed Robin
  1492 | D:3      | Killed Robin
  1493 | D:3      | Reached XP level 5. HP: 24/33 MP: 5/5
  2430 | D:4      | Noticed Pikel
  2430 | D:4      | Noticed a lemure
  2430 | D:4      | Noticed a lemure
  2430 | D:4      | Noticed a lemure
  2431 | D:4      | Noticed a lemure
  2462 | D:3      | Killed Pikel
  2463 | D:3      | Reached skill level 5 in Maces & Flails
  2463 | D:3      | Reached skill level 5 in Armour
  2463 | D:3      | Reached skill level 1 in Dodging
  2463 | D:3      | Reached XP level 6. HP: 25/39 MP: 6/6
  2463 | D:3      | Reached XP level 7. HP: 28/44 MP: 7/7
  2830 | D:4      | Found an ornate altar of the Wu Jian Council.
  2976 | D:4      | Found a glowing drain.
  2999 | Sewer    | Entered a sewer
  3404 | D:4      | Found a faded altar of an unknown god.
  3404 | D:4      | Found the Hermit's Pendant {Faith Invo=14 Evo=0 MP+5}
  3414 | D:4      | Reached skill level 5 in Fighting
  3414 | D:4      | Reached skill level 6 in Maces & Flails
  3414 | D:4      | Reached XP level 8. HP: 30/49 MP: 8/8
  3557 | D:5      | Entered Level 5 of the Dungeon
  4347 | D:5      | Reached skill level 5 in Shields
  4482 | D:5      | Found a glowing silver altar of Zin.
  4819 | D:6      | Noticed a wyvern
  4831 | D:6      | Killed a wyvern
  5085 | D:6      | Reached skill level 7 in Maces & Flails
  5099 | D:6      | Reached XP level 9. HP: 47/55 MP: 9/9
  5863 | D:7      | Found a staircase to the Ecumenical Temple.
  5882 | Temple   | Entered the Ecumenical Temple
  5889 | Temple   | Became a worshipper of Warmaster Okawaru
  6227 | D:7      | Noticed Menkaure
  6230 | D:7      | Killed Menkaure
  6315 | D:7      | Found a large runed translucent door.
  6423 | D:7      | Reached * piety under Okawaru
  6540 | D:7      | Reached skill level 8 in Maces & Flails
  6641 | D:7      | Found a large runed translucent door.
  6916 | D:7      | Found an opulent altar of Gozag.
  6919 | D:7      | Found a white marble altar of Elyvilon.
  6946 | D:8      | Noticed a gargoyle
  7177 | D:8      | Reached ** piety under Okawaru
  7189 | D:8      | Reached XP level 10. HP: 55/61 MP: 7/10
  7259 | D:8      | Killed a gargoyle
  7260 | D:8      | Reached skill level 9 in Maces & Flails
  7833 | D:8      | Noticed a centaur warrior
  7842 | D:8      | Killed a centaur warrior
  7850 | D:8      | Reached *** piety under Okawaru
  8293 | D:9      | Noticed Grum
  8314 | D:9      | Killed Grum
  8597 | D:9      | Reached skill level 10 in Maces & Flails
  8950 | D:9      | Found a shimmering altar of Xom.
  9000 | D:9      | Reached **** piety under Okawaru
  9101 | D:9      | Noticed a vault sentinel
  9101 | D:9      | Noticed a vault sentinel
  9143 | D:9      | HP: 1/64 [vault sentinel/+0 falchion (4)]
  9144 | D:9      | Slain by a killer bee

Illustrated notes

Levels and vault maps discovered:
D:1:      psy_arrival_dodecagon, layout_rooms
D:2:      layout_basic, serial_shops, shop
D:3:      kennysheep_goblin_castle, layout_basic, nicolae_figureground_sparkle,
          uniq_robin
D:4:      layout_basic, mainiacjoe_overflow_surrounded_room,
          portal_sewer_entry_a, hellmonk_guarded_unrand_hermit, uniq_pikel
D:5:      layout_cave_pools, kennysheep_little_box
D:6:      hellmonk_destroyed_diamonds, layout_basic, minmay_diced_spiral
D:7:      layout_gridville, jmf_multi_god_temple2,
          minmay_temple_entry_overgrown, uniq_menkaure
D:8:      layout_layer_cave, dk_noncrumbling_3, minmay_strange_pillars,
          minmay_small_thing
D:9:      layout_irregular_city, mainiacjoe_overflow_alcove_1,
          grunt_dithmenos_smoke_and_mirrors, minmay_misc_feat_pillars,
          grunt_decor_fettered, grunt_ministairs_8,
          hellmonk_guarded_unrand_gong, uniq_grum
Temple:   nicolae_temple_no_exploring_needed

Skill      XL: |  1  2  3  4  5  6  7  8  9 10 |
---------------+-------------------------------+-----
Armour         | 4 5 7 8 9 |  9.5
Fighting       | 4 5 6 8 |  8.2
Maces & Flails | 3 5 6 7 8 10 | 10.4
Dodging        | 1 2 3 |  3.0
Shields        | 4 5 6 |  6.8
Invocations    | |  0.2

Action                     |  1- 3 |  4- 6 |  7- 9 | 10-12 || total
---------------------------+-------+-------+-------+-------++-------
  Melee: Flail             |    95 |   197 |       |       ||   292
         Unarmed           |       |    10 |       |       ||    10
         Whip              |       |       |   515 |   285 ||   800
 Invoke: Heroism           |       |       |     1 |       ||     1
   Stab: Confused          |       |     2 |       |       ||     2
 Armour: Scale mail        |    56 |   125 |    62 |       ||   243
         Plate armour      |       |       |   219 |   190 ||   409
  Dodge: Dodged            |    47 |   110 |   233 |    94 ||   484
  Block: Buckler           |    20 |    61 |    76 |    61 ||   218

Table legend: (Time is in decaauts)
 A = Elapsed time spent in this place.
 B = Non-inter-level travel time spent in this place.
 C = Inter-level travel time spent in this place.
 D = Time resting spent in this place.
 E = Time spent auto-exploring this place.
 F = Levels seen in this place.
 G = Mean time per level.
                   A        B        C        D        E       F      G
               +--------+--------+--------+--------+--------+-----+--------+
         Total |   9053 |   8705 |    348 |    966 |   5743 |  11 |  823.0 |
       Dungeon |   8802 |   8466 |    336 |    966 |   5598 |   9 |  978.0 |
        Temple |     14 |      2 |     12 |      0 |      0 |   1 |   14.0 |
         Sewer |    236 |    236 |      0 |      0 |    145 |   1 |  236.0 |
               +--------+--------+--------+--------+--------+-----+--------+

Top non-repeatable levels by time:
     D:3: 1523 daAuts
     D:6: 1227 daAuts
     D:8: 1195 daAuts
     D:7: 1182 daAuts
     D:4: 1072 daAuts
     D:9: 781 daAuts
     D:2: 727 daAuts
     D:5: 650 daAuts
     D:1: 443 daAuts
   Sewer: 236 daAuts
  Temple: 14 daAuts
